cohdb
Replays
Latest Replays
All Replays
Popular Replays
Top Player Replays
Match Explorer
How It Works
Community
CoH3 Stats
Reddit
Sign in to upload your games and track your stats! →
Sign in with Steam
Match 43305114
Unlisted
Match 43305114
Overview
Messages
Build Orders
End
Vickers Machine Gun Team
Construct Section Command Post
Infantry Section
Infantry Section
Construct Field Infirmary
Selects Canadian Shock Battlegroup
Selects Offensive Resupply
Selects Canadian Shock Section
Royal Engineer Section
Canadian Shock Section
Grenade Package
Canadian Shock Section
Construct Platoon Command Post
Selects Incendiary Munitions
Selects Pyrotechnics
Unlock M3 Stuart Light Tanks
tal4vg
WadoVice
0
0
Comments
sign in to comment!
No comments posted yet!